 Dungeon Crawl Stone Soup version 0.30-a0-672-gc3a7216ad8 (webtiles) character file.

Game seed: 13859650326310794316

0 wormed the Grasshopper (level 1, 14/14 HPs)
             Began as an Octopode Warper on Jan 18, 2023.
             Quit the game on level 1 of the Dungeon.
             The game lasted 00:00:08 (61 turns).

wormed the Grasshopper (Octopode Warper)              Turns: 61, Time: 00:00:08

Health: 14/14      AC:  1    Str: 10    XL:     1   Next: 10%
Magic:  3/3        EV: 13    Int: 15    God:
Gold:   7          SH:  0    Dex: 11    Spells: 4/4 levels left

rFire   . . .      SeeInvis .      - Unarmed
rCold   . . .      Faith    .    (no shield)
rNeg    . . .      Spirit   .    (helmet restricted)
rPois   .          Reflect  .    (no amulet)
rElec   .          Harm     .    (no ring)
rCorr   .          Rampage  .    (no ring)
Will    .....                    (no ring)
Stlth   ++                       (no ring)
HPRegen 0.22/turn                (no ring)
MPRegen 0.08/turn                (no ring)
                                 (no ring)
                                 (no ring)

@: no status effects
A: almost no armour, amphibious, 8 rings, camouflage 1, gelatinous body 1,
(nimble swimmer 1), tentacles
a: no special abilities


You were on level 1 of the Dungeon.
You visited 1 branch of the dungeon, and saw 1 of its levels.

You collected 7 gold pieces.

Inventory:

Missiles
 b - 7 boomerangs of dispersal (quivered)
Scrolls
 a - a scroll of blinking
 c - a scroll of amnesia {unknown}
Potions
 d - 2 potions of curing {unknown}


   Skills:
 + Level 2.0 Fighting
 + Level 1.0 Throwing
 + Level 2.3 Dodging
 + Level 2.0 Unarmed Combat
 + Level 2.0 Spellcasting
 + Level 3.0 Translocations


You had 4 spell levels left.
You didn't know any spells.
Your spell library contained the following spells:

 Spells                   Type           Power      Damage    Failure   Level
 Blink                    Tloc           20%        N/A       10%         2
 Lesser Beckoning         Tloc           20%        N/A       10%         2
 Teleport Other           Tloc           10%        N/A       19%         3
 Vhi's Electric Charge    Tloc/Air       12%        N/A       34%         3
 Manifold Assault         Tloc           10%        N/A       54%         4


Dungeon Overview and Level Annotations

Branches:
Dungeon (1/15)

Altars:


Innate Abilities, Weirdness & Mutations

You cannot wear most types of armour.
You are amphibious.
You can wear up to eight rings at the same time.
Your skin changes colour to match your surroundings (Stealth+).
Your rubbery body absorbs attacks. (AC +1, EV +1)
((You are camouflaged when in or above water. (Stealth+)))
You have tentacles for arms and can constrict up to eight enemies at once.


Message History

Welcome, wormed the Octopode Warper.
It is said that the Orb of Zot exists deep within this dungeon.
Press ? for a list of commands and other information.
Found a staircase leading out of the dungeon.
c - a scroll labelled HALAX XAURUXAZ You now have 7 gold pieces.
d - a smoky grey potion
d - 2 smoky grey potions (gained 1)
A rat comes into view.
A rat is nearby!
A rat is nearby!
A rat is nearby!
A rat is nearby!
Found a scale mail.
Found 11 gold pieces.
The rat closely misses you.
You barely miss the rat. Your grab misses the rat. You completely miss the rat.
Your grab misses the rat. The rat bites you.
You closely miss the rat. Your grab misses the rat. The rat bites you.
You closely miss the rat. You grab the rat. You constrict the rat.
The rat closely misses you.
You tentacle-slap the rat.
You kill the rat!
A rat comes into view.
Found a scroll labelled CECKUKH YRGHIGU.
Found a stone staircase leading down.
HP restored.
A rat is nearby!
A rat is nearby!
A rat is nearby!
Are you sure you want to abandon this character and quit the game? (Confirm with "yes".)

####.#####.#.#.#.#.#
#........#.#.#..#..#
#...####.#.#.#.. .##
#...####.#.# ... #
#..........# .##
#....###.# +...[#
#....# #..@.#
###.$......
##.##.>.. .# r.. ##
?.


You could see a rat (asleep).

Vanquished Creatures
  A rat (D:1)
1 creature vanquished.

Notes
Turn   | Place    | Note
-------+----------+-------------------------------------------
     0 | D:1      | wormed the Octopode Warper began the quest for the Orb.
     0 | D:1      | Reached XP level 1. HP: 14/14 MP: 3/3
    61 | D:1      | Quit the game

Illustrated notes

Levels and vault maps discovered:
D:1:      ebering_trefoil_3fold, layout_basic, solitary_fountain

Action                   || total
-------------------------++-------
Melee: Unarmed           ||     5
       Constrict         ||     1
Dodge: Dodged            ||     2

Table legend: (Time is in decaauts)
 A = Elapsed time spent in this place.
 B = Non-inter-level travel time spent in this place.
 C = Inter-level travel time spent in this place.
 D = Time resting spent in this place.
 E = Time spent auto-exploring this place.
 F = Levels seen in this place.
 G = Mean time per level.
                   A        B        C        D        E       F      G
               +--------+--------+--------+--------+--------+-----+--------+
         Total |     60 |     60 |      0 |      0 |     43 |   1 |   60.0 |
       Dungeon |     60 |     60 |      0 |      0 |     43 |   1 |   60.0 |
               +--------+--------+--------+--------+--------+-----+--------+

Top non-repeatable levels by time:
     D:1: 60 daAuts
